 Dungeon Crawl Stone Soup version 0.31-a0-188-g5e087ee2ca (webtiles) character file.

Game seed: 17605999515052236641

33 qw the Shooter (level 3, -1/20 HPs)
             Began as a Deep Elf Hunter on June 23, 2023.
             Slain by a goblin
             ... wielding a +0 club
             ... led by Robin
              (3 damage)
             ... on level 2 of the Dungeon.
             The game lasted 00:00:13 (471 turns).

qw the Shooter (Deep Elf Hunter)                     Turns: 471, Time: 00:00:14

Health: -1/20      AC:  3    Str: 10    XL:     3   Next: 12%
Magic:  5/5        EV: 12    Int: 13    God:
Gold:   5          SH:  0    Dex: 18    Spells: 2/2 levels left

rFire   . . .        Y - +0 shortbow
rCold   . . .        (shield currently unavailable)
rNeg    . . .        c - +0 leather armour
rPois   .            (no helmet)
rElec   .            (no cloak)
rCorr   .            (no gloves)
SInv    .            (no boots)
Will    .....        (no amulet)
Stlth   ++           (no ring)
HPRegen 0.23/turn    (no ring)
MPRegen 0.09/turn

%: no passive effects
@: no status effects
A: no striking features
a: no special abilities


You were on level 2 of the Dungeon.
You visited 1 branch of the dungeon, and saw 2 of its levels.

You collected 44 gold pieces.
You spent 39 gold pieces at shops.


   Skills:
 - Level 1.5 Fighting
 + Level 6.7 Ranged Weapons
 - Level 2.4 Dodging
 - Level 1.2 Stealth


You had 2 spell levels left.
You didn't know any spells.
Your spell library was empty.

Inventory:

Hand Weapons
 Y - a +0 shortbow (weapon)
Armour
 c - a +0 leather armour (worn)
Jewellery
 h - a ring of ice
Potions
 d - a potion of resistance {unknown}
 e - 3 potions of curing
 f - a potion of enlightenment {unknown}

Dungeon Overview and Level Annotations

Branches:
Dungeon (2/15)

Altars:

Shops:
D:1 !

Annotations:
D:2 Robin


Message History

You kill the goblin!
Robin says, "Feeling lonely?"
A hobgoblin comes into view.
You have reached level 3!
Your experience leads to an increase in your attributes!
Increase (S)trength, (I)ntelligence, or (D)exterity?
You feel stronger. x2
You shoot an arrow. The hobgoblin shouts!
The arrow hits the goblin.
You kill the goblin!
Robin throws the goblin at you!
The goblin unwields a +0 sling.
The goblin wields a +0 club.
The goblin barely misses you.
You shoot an arrow. The arrow hits the goblin!
You kill the goblin!
A goblin comes into view. It is wielding a +0 club. x2
Robin throws the goblin at you!
You shoot an arrow. The arrow hits the goblin.
You kill the goblin!
The goblin misses you. Robin throws the goblin at you!
A hobgoblin comes into view.
The goblin shoots a sling bullet.
The sling bullet hits you. The goblin hits you with a +0 club.
The goblin barely misses you.
You shoot an arrow. The arrow closely misses the goblin.
The goblin shoots a sling bullet.
The sling bullet closely misses you.
The sling bullet completely misses the goblin.
The goblin hits you with a +0 club. x2; Robin throws the goblin at you!
You shoot an arrow. The arrow hits the goblin.
You kill the goblin!
The goblin shoots a sling bullet.
The sling bullet hits you but does no damage.
The goblin barely misses you. The goblin hits you with a +0 club.
The goblin shoots a sling bullet.
The sling bullet hits you.
You shoot an arrow. The arrow closely misses the goblin.
The goblin hits you but does no damage. The goblin hits you with a +0 club.
Robin throws the goblin at you!
You shoot an arrow.
The arrow hits the goblin but does no damage.
The goblin barely misses you. The goblin hits you with a +0 club.
You die...

...# ##########
...# #......(.#
...# ##........#
...# #.....)...#
...###.####...###
.......# ###...#
...###.# ###.##
<..# #.# #gg#
...# #.. ##@#
...# ##.# #g#
#### .. #g# #.#


#gg .# .gg .... .).# ..<.# You could see Robin, 3 hobgoblins and 4 goblins.

Vanquished Creatures
  A dart slug (D:1)
  2 ball pythons (D:1)
  2 bats (D:1)
  3 endoplasms (D:1)
  A giant cockroach (D:1)
  5 goblins (D:2)
  5 hobgoblins (D:1)
  3 frilled lizards (D:1)
  5 kobolds
27 creatures vanquished.

Notes
Turn   | Place    | Note
-------+----------+-------------------------------------------
     0 | D:1      | qw the Deep Elf Hunter began the quest for the Orb.
     0 | D:1      | Reached XP level 1. HP: 12/12 MP: 3/3
     0 | D:1      | 0 ||| qw: Version: 0.3-a-9-g12657ce
     0 | D:1      | 0 ||| qw: Game counter: 3850
     0 | D:1      | 0 ||| qw: Always use a shield: true
     0 | D:1      | 0 ||| qw: God list: Okawaru
     0 | D:1      | 0 ||| qw: Allow faded altars: false
     0 | D:1      | 0 ||| qw: Do Orc after D:15 true
     0 | D:1      | 0 ||| qw: Do second Lair branch before Depths: true
     0 | D:1      | 0 ||| qw: Lair rune preference: random
     0 | D:1      | 0 ||| qw: Plans: Normal
     0 | D:1      | 0 ||| PLANNING D:1-11
    47 | D:1      | HP: 3/12 [hobgoblin (2)]
   146 | D:1      | Reached skill level 6 in Ranged Weapons
   146 | D:1      | Reached XP level 2. HP: 16/16 MP: 4/4
   380 | D:1      | Found Yrotaeru's Distillery.
   387 | D:1      | 387 ||| BUYING potion of curing (39 gold).
   387 | D:1      | Bought a potion of curing for 39 gold pieces
   387 | D:1      | 387 ||| SHOPLISTING potion of curing (39 gold, have 5).
   387 | D:1      | 387 ||| SHOPLISTING potion of haste (130 gold, have 5).
   387 | D:1      | 387 ||| SHOPLISTING potion of resistance (130 gold, have
                  | 5).
   412 | D:1      | 412 ||| READING scroll labelled VUCETY LESKOSE.
   413 | D:1      | 413 ||| DROPPING scroll of butterflies.
   462 | D:2      | Noticed Robin
   465 | D:2      | Reached XP level 3. HP: 19/20 MP: 5/5
   469 | D:2      | HP: 4/20 [goblin/sling bullet[Robin] (2)]
   471 | D:2      | Slain by a goblin

Levels and vault maps discovered:
D:1:      lightli_arrival_windingriver, layout_rooms, serial_shops, shop
D:2:      layout_rooms, kennysheep_flooded_box, uniq_robin

Skill      XL: |  1 |
---------------+----+-----
Ranged Weapons | 6 |  6.7
Fighting       | |  1.5
Dodging        | |  2.4
Stealth        | |  1.2

Action                     || total
---------------------------++-------
   Fire: Shortbow          ||    56
    Use: Scroll            ||     1
 Armour: Leather armour    ||     6
  Dodge: Dodged            ||    11

Table legend:
 A = Non-vault XP
 B = Vault XP
 C = Vault XP percentage of total XP
 D = Non-vault monster count
 E = Vault monster count
 F = Vault count percentage of total count
                 A         B        C        D         E       F
            +---------+---------+-------+---------+---------+-------
      Total |      40 |       8 |  16.7 |      22 |       5 |  18.5
            +---------+---------+-------+---------+---------+-------
        D:1 |      38 |       0 |   0.0 |      21 |       0 |   0.0
        D:2 |       2 |       8 |  80.0 |       1 |       5 |  83.3
            +---------+---------+-------+---------+---------+-------
